AoeStats
← AVUKADO10

Enclosed

505676846Analyzed
1v1 RM · 22d ago on Sep 10, 2026· 23m 35s· 2 players
Game mode
Random Map
Map size
Tiny (2 player)
Population
200
Speed
Normal
Resources
Standard
Victory
Conquest
Starting age
Dark Age
Ending age
Imperial Age
RankedLock teamsTeams togetherTeam positionsShared explorationLock speedFull tech treeHidden civsTurbo modeCheats
Victory
Defeat
🇹🇷 Franks · Türkiye
975
+14
🇲🇽 Mongols · Mexico
941
-14
gabrielyamiltego
4:09 Loom
9:33 Feudal Age
10:11 Double-Bit Axe
15:41 Castle Age
14:19 Horse Collar
17:00 Bow Saw
19:48 Fletching
21:05 Wheelbarrow
21:33 Gold Mining
22:51 Stone Mining
AVUKADO10
10:51 Feudal Age
10:22 Loom
17:35 Castle Age
18:40 Elite Skirmisher
20:34 Husbandry
21:04 Fletching
21:14 Padded Archer Armor
22:42 Bodkin Arrow
Connection lost

Rejoining the realm…

Still unreachable

The connection could not be restored.

Session expired

The server has moved on; the page needs a fresh start.